 Dungeon Crawl Stone Soup version 0.31-a0-175-g9f7f995f2b (webtiles) character file.

Game seed: 18213699878544518966

45 qw the Shooter (level 3, -7/32 HPs)
             Began as a Naga Hunter on June 16, 2023.
             Mangled by Natasha (8 damage)
             ... on level 2 of the Dungeon.
             The game lasted 00:00:26 (857 turns).

qw the Shooter (Naga Hunter)                         Turns: 857, Time: 00:00:26

Health: -7/32      AC:  2    Str: 13    XL:     3   Next: 64%
Magic:  3/3        EV:  9    Int:  9    God:
Gold:   40         SH:  0    Dex: 16    Spells: 2/2 levels left

rFire   . . .        Y - +0 shortbow
rCold   + . .        (shield currently unavailable)
rNeg    . . .        c - +0 leather armour
rPois   +            (no helmet)
rElec   .            (no cloak)
rCorr   .            (no gloves)
SInv    +            (no barding)
Will    .....        (no amulet)
Stlth   ++           d - ring of protection from cold
HPRegen 0.25/turn    (no ring)
MPRegen 0.08/turn

%: no passive effects
@: about to teleport, very slow
A: AC +1, large, see invisible, deformed body, poison resistance, slowness 2,
spit poison 1, naga tail 1
a: Spit Poison


You were on level 2 of the Dungeon.
You visited 1 branch of the dungeon, and saw 2 of its levels.

You collected 40 gold pieces.


Innate Abilities, Weirdness & Mutations

Your serpentine skin is tough. (AC +1)
You have supernaturally acute eyesight. (SInv)
Armour fits poorly on your strangely shaped body.
Your system is resistant to poisons. (rPois)
You cover ground very slowly.
You can spit poison.
You have a snake-like lower body.


   Skills:
 - Level 2.0 Fighting
 + Level 4.8 Ranged Weapons
 - Level 1.5 Dodging
 - Level 1.5 Stealth


You had 2 spell levels left.
You didn't know any spells.
Your spell library was empty.

Inventory:

Hand Weapons
 Y - a +0 shortbow (weapon)
Armour
 c - a +0 leather armour (worn)
Jewellery
 d - a ring of protection from cold (left hand)
Scrolls
 f - a scroll of revelation {unknown}
Potions
 b - a potion of brilliance {unknown}
 e - 2 potions of berserk rage {unknown}
 g - a potion of curing

Dungeon Overview and Level Annotations

Branches:
Dungeon (2/15)

Altars:

Annotations:
D:2 Natasha


Message History

You shoot an arrow. The arrow hits the adder.
You kill the adder!
You start resting.
You have got your breath back.
HP restored.
b - a pink potion
e - 2 ruby potions
f - a scroll labelled RIAFFE FAKESYA Natasha, Servant of Life and Death comes into view.
851 ||| INVOKING Spit Poison.
Aiming: Spit Poison (2% risk of failure)
Press: ? - help, Shift-Dir - straight line, f - Natasha The splash of poison hits Natasha.
Natasha is lightly wounded.
Natasha hisses angrily.
You shoot an arrow. The arrow hits Natasha.
Natasha is moderately wounded.
Natasha casts a spell at you. The magic dart hits you!
Natasha claws you but does no damage.
You shoot an arrow.
The arrow hits Natasha but does no damage.
Natasha is moderately wounded.
Natasha claws you.
You shoot an arrow. The arrow hits Natasha.
Natasha is heavily wounded.
Natasha stares at you and mumbles some strange words.
The magic dart hits you.
You shoot an arrow. The arrow hits Natasha.
Natasha is severely wounded.
Natasha barely misses you.
You shoot an arrow.
The arrow hits Natasha but does no damage.
Natasha is severely wounded.
You have got your breath back.
Natasha claws you! Natasha claws you.
857 ||| READING scroll of teleportation.
As you read the scroll of teleportation, it crumbles to dust.
You feel strangely unstable. Natasha claws you!
You die...

############.
#...........#
######............
#...##...........#
#.#.##.#..........
...####.#.##.#.###.%####
........................
...####.#.##.#.###.[...#
#@#.##.#.# ##.##:#
......h......... .......
######.########## ######
7. 7.


77 You could see Natasha.

Vanquished Creatures
  An adder (D:2)
  A dart slug (D:1)
  2 giant cockroaches (D:1)
  4 hobgoblins (D:1)
  4 jackals (D:1)
  4 ball pythons
  8 bats (D:1)
  A frilled lizard (D:1)
  3 goblins
  3 kobolds (D:1)
  4 rats
35 creatures vanquished.

Notes
Turn   | Place    | Note
-------+----------+-------------------------------------------
     0 | D:1      | qw the Naga Hunter began the quest for the Orb.
     0 | D:1      | Reached XP level 1. HP: 19/19 MP: 1/1
     0 | D:1      | 0 ||| qw: Version: 0.2-a-29-g511e9b1
     0 | D:1      | 0 ||| qw: Game counter: 26
     0 | D:1      | 0 ||| qw: Always use a shield: true
     0 | D:1      | 0 ||| qw: God list: Okawaru
     0 | D:1      | 0 ||| qw: Allow faded altars: false
     0 | D:1      | 0 ||| qw: Do Orc after D:15 true
     0 | D:1      | 0 ||| qw: Do second Lair branch before Depths: true
     0 | D:1      | 0 ||| qw: Lair rune preference: random
     0 | D:1      | 0 ||| qw: Plans: Normal
     0 | D:1      | 0 ||| PLANNING D:1-11
    10 | D:1      | 10 ||| INVOKING Spit Poison.
    15 | D:1      | 15 ||| INVOKING Spit Poison.
    21 | D:1      | 21 ||| INVOKING Spit Poison.
    27 | D:1      | 27 ||| INVOKING Spit Poison.
    48 | D:1      | 48 ||| INVOKING Spit Poison.
    62 | D:1      | 62 ||| INVOKING Spit Poison.
   161 | D:1      | 161 ||| INVOKING Spit Poison.
   166 | D:1      | 166 ||| INVOKING Spit Poison.
   170 | D:1      | Reached skill level 4 in Ranged Weapons
   170 | D:1      | Reached XP level 2. HP: 20/26 MP: 2/2
   200 | D:1      | 200 ||| INVOKING Spit Poison.
   201 | D:1      | 201 ||| INVOKING Spit Poison.
   217 | D:1      | 217 ||| INVOKING Spit Poison.
   223 | D:1      | 223 ||| INVOKING Spit Poison.
   228 | D:1      | 228 ||| INVOKING Spit Poison.
   233 | D:1      | 233 ||| Stepping ~*~*~tactically~*~*~ (outnumbered).
   234 | D:1      | 234 ||| INVOKING Spit Poison.
   237 | D:1      | 237 ||| INVOKING Spit Poison.
   240 | D:1      | 240 ||| INVOKING Spit Poison.
   241 | D:1      | HP: 6/26 [jackal (2)]
   243 | D:1      | 243 ||| INVOKING Spit Poison.
   335 | D:1      | 335 ||| INVOKING Spit Poison.
   354 | D:1      | 354 ||| INVOKING Spit Poison.
   386 | D:1      | Reached XP level 3. HP: 32/32 MP: 3/3
   504 | D:1      | 504 ||| INVOKING Spit Poison.
   518 | D:1      | 518 ||| INVOKING Spit Poison.
   523 | D:1      | You fall into a shaft and drop 1 floor!
   535 | D:2      | 535 ||| UPGRADING to ring of protection from cold.
   536 | D:2      | 536 ||| READING scroll labelled HIGGEILETO.
   537 | D:2      | 537 ||| READING scroll labelled SISUMO MOKA.
   538 | D:2      | 538 ||| READING scroll labelled VIFITA ZIGID.
   543 | D:2      | 543 ||| DROPPING scroll of butterflies.
   545 | D:2      | 545 ||| INVOKING Spit Poison.
   598 | D:1      | 598 ||| INVOKING Spit Poison.
   730 | D:1      | 730 ||| READING scroll labelled LIUTUWKISU.
   731 | D:1      | 731 ||| DRINKING 2 white potions.
   762 | D:2      | 762 ||| INVOKING Spit Poison.
   782 | D:2      | 782 ||| INVOKING Spit Poison.
   787 | D:2      | 787 ||| INVOKING Spit Poison.
   790 | D:2      | 790 ||| INVOKING Spit Poison.
   850 | D:2      | Noticed Natasha
   851 | D:2      | 851 ||| INVOKING Spit Poison.
   856 | D:2      | HP: 6/32 [Natasha (9)]
   856 | D:2      | HP: 1/32 [Natasha (5)]
   857 | D:2      | 857 ||| READING scroll of teleportation.
   857 | D:2      | Mangled by Natasha

Levels and vault maps discovered:
D:1:      heliophobic_arrival_ceremonial_halls, layout_basic
D:2:      kb_forest_paths, layout_basic, uniq_natasha, uniq_crazy_yiuf_cottage

Skill      XL: |  1 |
---------------+----+-----
Ranged Weapons | 4 |  4.8
Fighting       | |  2.0
Dodging        | |  1.5
Stealth        | |  1.5

Action                     || total
---------------------------++-------
   Fire: Shortbow          ||    76
Ability: Spit Poison       ||    27
    Use: Scroll            ||     5
         Potion            ||     1
 Armour: Leather armour    ||    25
  Dodge: Dodged            ||    41

Table legend:
 A = Non-vault XP
 B = Vault XP
 C = Vault XP percentage of total XP
 D = Non-vault monster count
 E = Vault monster count
 F = Vault count percentage of total count
                 A         B        C        D         E       F
            +---------+---------+-------+---------+---------+-------
      Total |      65 |       0 |   0.0 |      35 |       0 |   0.0
            +---------+---------+-------+---------+---------+-------
        D:1 |      46 |       0 |   0.0 |      29 |       0 |   0.0
        D:2 |      19 |       0 |   0.0 |       6 |       0 |   0.0
            +---------+---------+-------+---------+---------+-------
